TOP OF THE 1ST |
Boston Rebels batting - Pitching for Kansas City Kings : LHP Francisco Morales
|
Pitching: LHP Francisco Morales
|
|
Batting: RHB Randy Simons
|
0-0: Ball 1-0: Foul Ball, location: 2F 1-1: Ball 2-1: Ground out 5-3 (Groundball, 56)
|
Batting: LHB Frank Jackson
|
0-0: Ball 1-0: Swinging Strike 1-1: Foul Ball, location: 2F 1-2: Foul Ball, location: 2F 1-2: Ball 2-2: Ball 3-2: Reached on error, E4 (Groundball, 4)
|
Batting: RHB Tony Long
|
0-0: Foul Ball, location: 2F 0-1: Called Strike 0-2: Strikes out swinging
|
Batting: RHB Roberto Chávez
|
0-0: Ball 1-0: Foul Ball, location: 2F 1-1: SINGLE (Flyball, 89S) Frank Jackson to third Runner from 3rd tries for Home, SAFE, no throw
|
Batting: RHB Yaichiro Sugahara
|
0-0: Ball 1-0: Foul Ball, location: 2F 1-1: Foul Ball, location: 2F 1-2: Fielders Choice at 2nd, 6-4 (Groundball, 6)
|
Top of the 1st over - 1 run, 1 hit, 1 error, 1 left on base; Boston 1 - Kansas City 0 |
BOTTOM OF THE 1ST |
Kansas City Kings batting - Pitching for Boston Rebels : RHP John Foster
|
Pitching: RHP John Foster
|
|
Batting: LHB Brian Easdale
|
0-0: Ground out 4-3 (Groundball, 4)
|
Batting: RHB Chris Chandler
|
0-0: Foul Ball, location: 2F 0-1: Ball 1-1: Foul Ball, location: 2F 1-2: Foul Ball, location: 2F 1-2: Foul Ball, location: 2F 1-2: DOUBLE (Flyball, 8LXD)
|
Batting: SHB Douglas Taylor
|
0-0: Fly out, F8 (Flyball, 8LM)
|
Batting: LHB Ron Crawford
|
0-0: Hit by Pitch
|
Batting: RHB Toshimichi Kono
|
0-0: Ball 1-0: Called Strike 1-1: SINGLE (Groundball, 6MD) Chris Chandler to third Ron Crawford to second Runner from 3rd tries for Home, SAFE, throw made home
|
Batting: RHB Dave Parker
|
0-0: Foul Ball, location: 2F 0-1: Fly out, F5 (Line Drive, 56)
|
Bottom of the 1st over - 1 run, 2 hits, 0 errors, 2 left on base; Boston 1 - Kansas City 1 |
TOP OF THE 2ND |
Boston Rebels batting - Pitching for Kansas City Kings : LHP Francisco Morales
|
Batting: LHB Ricardo Brandariz
|
0-0: Foul Ball, location: 2F 0-1: Ball 1-1: Swinging Strike 1-2: Ball 2-2: SINGLE (Groundball, 34) (infield hit)
|
Batting: SHB Ismael Sánchez
|
0-0: Called Strike 0-1: Ball 1-1: Ball 2-1: Grounds into double play, 5-4-3 (Groundball, 5L)
|
Batting: SHB Devin Smith
|
0-0: Fly out, F6 (Line Drive, 6)
|
Top of the 2nd over - 0 runs, 1 hit, 0 errors, 0 left on base; Boston 1 - Kansas City 1 |
BOTTOM OF THE 2ND |
Kansas City Kings batting - Pitching for Boston Rebels : RHP John Foster
|
Batting: RHB Cy Keynes
|
0-0: Called Strike 0-1: Foul Ball, location: 2F 0-2: Ground out 3-1 (Groundball, 34)
|
Batting: LHB Luis González
|
0-0: Called Strike 0-1: Foul Ball, location: 2F 0-2: Ball 1-2: Ball 2-2: SINGLE (Line Drive, 89S)
|
Batting: RHB John Anderson
|
0-0: Ball Throwing error on steal attempt, E2 Luis González to third 1-0: Foul Ball, location: 2F 1-1: Hit by Pitch
|
Pinch Runner at 1st Rafael Carreón:
|
|
Batting: LHB Brian Easdale
|
0-0: Foul Ball, location: 2F 0-1: Ball 1-1: Called Strike 1-2: Fielders Choice at 2nd, 6-4 (Groundball, 6) Luis González scores
|
Batting: RHB Chris Chandler
|
0-0: Ball Brian Easdale is caught stealing 2nd base
|
Bottom of the 2nd over - 1 run, 1 hit, 1 error, 0 left on base; Boston 1 - Kansas City 2 |
TOP OF THE 3RD |
Boston Rebels batting - Pitching for Kansas City Kings : LHP Francisco Morales
|
Now at C: Rafael Carreón
|
|
Batting: LHB Paco Córdova
|
0-0: Ball 1-0: Ball 2-0: Fly out, F7 (Line Drive, 7D)
|
Batting: RHB Randy Simons
|
0-0: Called Strike 0-1: Ball 1-1: Called Strike 1-2: Ball 2-2: SINGLE (Groundball, 56D)
|
Batting: LHB Frank Jackson
|
0-0: Called Strike 0-1: Foul Ball, location: 2F 0-2: Strikes out swinging
|
Batting: RHB Tony Long
|
0-0: Called Strike 0-1: Ball 1-1: Called Strike 1-2: 2-RUN HOME RUN (Flyball, 7D), Distance : 358 ft
|
Batting: RHB Roberto Chávez
|
0-0: Ball 1-0: Ground out 4-3 (Groundball, 4)
|
Top of the 3rd over - 2 runs, 2 hits, 0 errors, 0 left on base; Boston 3 - Kansas City 2 |
BOTTOM OF THE 3RD |
Kansas City Kings batting - Pitching for Boston Rebels : RHP John Foster
|
Batting: RHB Chris Chandler
|
0-0: Called Strike 0-1: SINGLE (Line Drive, 56)
|
Batting: SHB Douglas Taylor
|
0-0: Ball 1-0: Called Strike 1-1: Ball 2-1: Ball 3-1: Called Strike 3-2: Strikes out swinging
|
Batting: LHB Ron Crawford
|
0-0: Foul Ball, location: 2F 0-1: Ball 1-1: Called Strike 1-2: Ball 2-2: Ball 3-2: Foul Ball, location: 2F 3-2: Foul Ball, location: 2F 3-2: Fielders Choice at 2nd, 4-6 (Groundball, 4)
|
Batting: RHB Toshimichi Kono
|
0-0: Ground out 4-3 (Groundball, 4S)
|
Bottom of the 3rd over - 0 runs, 1 hit, 0 errors, 1 left on base; Boston 3 - Kansas City 2 |
TOP OF THE 4TH |
Boston Rebels batting - Pitching for Kansas City Kings : LHP Francisco Morales
|
Batting: RHB Yaichiro Sugahara
|
0-0: Ball 1-0: Ball 2-0: Ball 3-0: Fly out, F9 (Flyball, 89S)
|
Batting: LHB Ricardo Brandariz
|
0-0: Ground out 6-3 (Groundball, 6)
|
Batting: SHB Ismael Sánchez
|
0-0: Ball 1-0: Ball 2-0: Swinging Strike 2-1: Ground out 6-3 (Groundball, 6)
|
Top of the 4th over - 0 runs, 0 hits, 0 errors, 0 left on base; Boston 3 - Kansas City 2 |
BOTTOM OF THE 4TH |
Kansas City Kings batting - Pitching for Boston Rebels : RHP John Foster
|
Batting: RHB Dave Parker
|
0-0: Ball 1-0: SINGLE (Line Drive, 7S)
|
Batting: RHB Cy Keynes
|
0-0: Foul Ball, location: 2F 0-1: Swinging Strike 0-2: Ball 1-2: Strikes out swinging
|
Batting: LHB Luis González
|
0-0: Ball 1-0: Called Strike 1-1: Ball 2-1: Ball 3-1: Base on Balls Dave Parker to second
|
Batting: RHB Rafael Carreón
|
0-0: Ball 1-0: Called Strike 1-1: Called Strike 1-2: Strikes out swinging
|
Batting: LHB Brian Easdale
|
0-0: Foul Ball, location: 2F 0-1: Foul Ball, location: 2F 0-2: Strikes out swinging
|
Bottom of the 4th over - 0 runs, 1 hit, 0 errors, 2 left on base; Boston 3 - Kansas City 2 |
TOP OF THE 5TH |
Boston Rebels batting - Pitching for Kansas City Kings : LHP Francisco Morales
|
Batting: SHB Devin Smith
|
0-0: Swinging Strike 0-1: Ball 1-1: Ground out U3 (Groundball, 3L)
|
Batting: LHB Paco Córdova
|
0-0: Ground out 6-3 (Groundball, 6)
|
Batting: RHB Randy Simons
|
0-0: Called Strike 0-1: Swinging Strike 0-2: Strikes out looking
|
Top of the 5th over - 0 runs, 0 hits, 0 errors, 0 left on base; Boston 3 - Kansas City 2 |
BOTTOM OF THE 5TH |
Kansas City Kings batting - Pitching for Boston Rebels : RHP John Foster
|
Batting: RHB Chris Chandler
|
0-0: Called Strike 0-1: Ground out 6-3 (Groundball, 6)
|
Batting: SHB Douglas Taylor
|
0-0: Ball 1-0: SINGLE (Groundball, 34D)
|
Batting: LHB Ron Crawford
|
0-0: Called Strike 0-1: Fly out, F7 (Flyball, 7)
|
Batting: RHB Toshimichi Kono
|
0-0: Ball Throwing error on steal attempt, E2 Douglas Taylor to third 1-0: Called Strike 1-1: Foul Ball, location: 2F 1-2: Foul Ball, location: 2F 1-2: Ball 2-2: Reached via error on a dropped throw, E1 Douglas Taylor scores
|
Batting: RHB Dave Parker
|
0-0: Fly out, F7 (Flyball, 7LMF)
|
Bottom of the 5th over - 1 run, 1 hit, 2 errors, 1 left on base; Boston 3 - Kansas City 3 |
TOP OF THE 6TH |
Boston Rebels batting - Pitching for Kansas City Kings : LHP Francisco Morales
|
Batting: LHB Frank Jackson
|
0-0: Ground out 6-3 (Groundball, 6M)
|
Batting: RHB Tony Long
|
0-0: Called Strike 0-1: Swinging Strike 0-2: SINGLE (Groundball, 25) (infield hit)
|
Batting: RHB Roberto Chávez
|
0-0: Foul Ball, location: 2F 0-1: Reached on error, E1 (Groundball, 15) Tony Long to second
|
Batting: RHB Yaichiro Sugahara
|
0-0: Ball 1-0: Called Strike 1-1: Ball 2-1: Fly out, F7 (Flyball, 7D)
|
Batting: LHB Ricardo Brandariz
|
0-0: Ball 1-0: Ball 2-0: Foul Ball, location: 2F 2-1: Ground out 4-3 (Groundball, 4)
|
Top of the 6th over - 0 runs, 1 hit, 1 error, 2 left on base; Boston 3 - Kansas City 3 |
BOTTOM OF THE 6TH |
Kansas City Kings batting - Pitching for Boston Rebels : RHP John Foster
|
Batting: RHB Cy Keynes
|
0-0: Fly out, F8 (Line Drive, 8RD)
|
Batting: LHB Luis González
|
0-0: Ground out 3-1 (Groundball, 34)
|
Batting: RHB Rafael Carreón
|
0-0: Ball 1-0: Ball 2-0: Called Strike 2-1: Foul Ball, location: 2F 2-2: SOLO HOME RUN (Flyball, 7D), Distance : 366 ft
|
Batting: LHB Brian Easdale
|
0-0: Swinging Strike 0-1: Swinging Strike 0-2: Ball 1-2: Ball 2-2: Foul Ball, location: 2F 2-2: Ball 3-2: Ground out 4-3 (Groundball, 4)
|
Bottom of the 6th over - 1 run, 1 hit, 0 errors, 0 left on base; Boston 3 - Kansas City 4 |
TOP OF THE 7TH |
Boston Rebels batting - Pitching for Kansas City Kings : LHP Francisco Morales
|
Batting: SHB Ismael Sánchez
|
0-0: Called Strike 0-1: Fly out, F8 (Flyball, 8LS)
|
Batting: SHB Devin Smith
|
0-0: Fly out, F9 (Line Drive, 89M)
|
Batting: LHB Paco Córdova
|
0-0: Ball 1-0: Ball 2-0: Ground out 5-3 (Groundball, 56S)
|
Top of the 7th over - 0 runs, 0 hits, 0 errors, 0 left on base; Boston 3 - Kansas City 4 |
BOTTOM OF THE 7TH |
Kansas City Kings batting - Pitching for Boston Rebels : RHP John Foster
|
Batting: RHB Chris Chandler
|
0-0: Called Strike 0-1: Foul Ball, location: 2F 0-2: Foul Ball, location: 2F 0-2: SINGLE (Line Drive, 89M)
|
Pitching: RHP Juan Álvarez
|
|
Batting: SHB Douglas Taylor
|
0-0: Ball 1-0: Called Strike 1-1: Ball 2-1: Foul Ball, location: 2F 2-2: Strikes out swinging
|
Batting: LHB Ron Crawford
|
0-0: Ball 1-0: Ball 2-0: Ball 3-0: SINGLE (Groundball, 56D) Chris Chandler to second
|
Batting: RHB Toshimichi Kono
|
0-0: Called Strike 0-1: Foul Ball, location: 2F 0-2: Foul Ball, location: 2F 0-2: Ball 1-2: Ball 2-2: Foul Ball, location: 2F 2-2: Fly out, F7 (Flyball, 78M)
|
Batting: RHB Dave Parker
|
0-0: Ball 1-0: Called Strike 1-1: Ball 2-1: Foul Ball, location: 2F 2-2: Foul Ball, location: 2F 2-2: Ball 3-2: Ground out 6-3 (Groundball, 56)
|
Bottom of the 7th over - 0 runs, 2 hits, 0 errors, 2 left on base; Boston 3 - Kansas City 4 |
TOP OF THE 8TH |
Boston Rebels batting - Pitching for Kansas City Kings : LHP Francisco Morales
|
Batting: RHB Randy Simons
|
0-0: Ball 1-0: Foul Ball, location: 2F 1-1: Swinging Strike 1-2: Foul Ball, location: 2F 1-2: Strikes out looking
|
Batting: LHB Frank Jackson
|
0-0: SINGLE (Flyball, 78S)
|
Batting: RHB Tony Long
|
0-0: Called Strike 0-1: Ball 1-1: Ball 2-1: Foul Ball, location: 2F 2-2: Ball 3-2: Base on Balls Frank Jackson to second
|
Batting: RHB Roberto Chávez
|
0-0: Fly out, F7 (Flyball, 78M)
|
Batting: RHB Yaichiro Sugahara
|
0-0: Ground out 5-3 (Groundball, 56S)
|
Top of the 8th over - 0 runs, 1 hit, 0 errors, 2 left on base; Boston 3 - Kansas City 4 |
BOTTOM OF THE 8TH |
Kansas City Kings batting - Pitching for Boston Rebels : RHP Juan Álvarez
|
Batting: RHB Cy Keynes
|
0-0: Ball 1-0: Ball 2-0: Swinging Strike 2-1: SINGLE (Groundball, 6MD)
|
Batting: LHB Luis González
|
0-0: Ball 1-0: SINGLE (Line Drive, 8RS) Cy Keynes to second
|
Batting: RHB Rafael Carreón
|
0-0: Ball 1-0: Called Strike 1-1: Foul Ball, location: 2F 1-2: Ball 2-2: Strikes out swinging
|
Batting: LHB Brian Easdale
|
0-0: Foul Ball, location: 2F 0-1: Fly out, F8 (Flyball, 8RD)
|
Pitching: RHP Beau Murphy
|
|
Batting: RHB Chris Chandler
|
0-0: Fly out, F6 (Line Drive, 6)
|
Bottom of the 8th over - 0 runs, 2 hits, 0 errors, 2 left on base; Boston 3 - Kansas City 4 |
TOP OF THE 9TH |
Boston Rebels batting - Pitching for Kansas City Kings : LHP Francisco Morales
|
Pitching: RHP Nick Parks
|
|
Batting: LHB Ricardo Brandariz
|
0-0: Fly out, F7 (Flyball, 7LSF)
|
Batting: SHB Ismael Sánchez
|
0-0: Ball 1-0: Foul Ball, location: 2F 1-1: Foul Ball, location: 2F 1-2: Strikes out swinging
|
Batting: SHB Devin Smith
|
0-0: Ball 1-0: Called Strike 1-1: Ball 2-1: Called Strike 2-2: DOUBLE (Line Drive, 78D)
|
Batting: LHB Paco Córdova
|
0-0: Ball 1-0: Foul Ball, location: 2F 1-1: Swinging Strike 1-2: Ball 2-2: SINGLE (Flyball, 89S) Devin Smith to third Runner from 3rd tries for Home, SAFE, no throw
|
Batting: RHB Randy Simons
|
0-0: Ball 1-0: Ball 2-0: Called Strike 2-1: Swinging Strike 2-2: Ball 3-2: Foul Ball, location: 2F 3-2: Ground out 1-3 (Groundball, P)
|
Top of the 9th over - 1 run, 2 hits, 0 errors, 1 left on base; Boston 4 - Kansas City 4 |
BOTTOM OF THE 9TH |
Kansas City Kings batting - Pitching for Boston Rebels : RHP Beau Murphy
|
Batting: SHB Douglas Taylor
|
0-0: SINGLE (Line Drive, 56)
|
Batting: LHB Ron Crawford
|
0-0: Called Strike 0-1: Ball 1-1: Ball 2-1: Ball 3-1: Called Strike 3-2: Strikes out swinging
|
Batting: RHB Toshimichi Kono
|
0-0: Foul Ball, location: 2F 0-1: Grounds into double play, 4-6-3 (Groundball, 4)
|
Bottom of the 9th over - 0 runs, 1 hit, 0 errors, 0 left on base; Boston 4 - Kansas City 4 |
TOP OF THE 10TH |
Boston Rebels batting - Pitching for Kansas City Kings : RHP Nick Parks
|
Batting: LHB Frank Jackson
|
0-0: Foul Ball, location: 2F 0-1: Ball 1-1: Foul Ball, location: 2F 1-2: Foul Ball, location: 2F 1-2: Ball 2-2: Foul Ball, location: 2F 2-2: Ball 3-2: Foul Ball, location: 2F 3-2: Foul Ball, location: 2F 3-2: SOLO HOME RUN (Flyball, 9LD), Distance : 376 ft
|
Batting: RHB Tony Long
|
0-0: Swinging Strike 0-1: Ball 1-1: Ball 2-1: Ball 3-1: Fly out, F8 (Flyball, 78M)
|
Batting: RHB Roberto Chávez
|
0-0: Called Strike 0-1: Ground out 2-3 (Groundball, 13S)
|
Batting: RHB Yaichiro Sugahara
|
0-0: Fly out, F9 (Flyball, 9LM)
|
Top of the 10th over - 1 run, 1 hit, 0 errors, 0 left on base; Boston 5 - Kansas City 4 |
BOTTOM OF THE 10TH |
Kansas City Kings batting - Pitching for Boston Rebels : RHP Beau Murphy
|
Pitching: LHP Keith Hill
|
|
Batting: RHB Dave Parker
|
0-0: Called Strike 0-1: Ball 1-1: Ball 2-1: Ball 3-1: Foul Ball, location: 2F 3-2: Foul Ball, location: 2F 3-2: Base on Balls
|
Batting: RHB Cy Keynes
|
0-0: Ball 1-0: Called Strike 1-1: Called Strike 1-2: Grounds into double play, 4-6-3 (Groundball, 4)
|
Pinch Hitting: RHB Eric Fuller
|
0-0: Called Strike 0-1: Swinging Strike 0-2: Ball 1-2: Ball 2-2: Foul Ball, location: 2F 2-2: Strikes out swinging
|
Bottom of the 10th over - 0 runs, 0 hits, 0 errors, 0 left on base; Boston 5 - Kansas City 4 |
|